 Dungeon Crawl Stone Soup version 0.19-a0-526-gbe2e51c (webtiles) character file.

8 Duffy the Skirmisher (level 2, 24/24 HPs)
             Began as a Demonspawn Fighter on June 7, 2016.
             Quit the game on level 1 of the Dungeon.
             The game lasted 00:00:19 (176 turns).

Duffy the Skirmisher (Demonspawn Fighter)            Turns: 176, Time: 00:00:19

Health: 24/24      AC:  6    Str: 16    XL:     2   Next: 0%
Magic:  2/2        EV:  6    Int:  9    God:
Gold:   0          SH:  8    Dex: 12    Spells: 0 memorised, 1 level left

rFire  . . .     SeeInvis .     a - +0 war axe
rCold  . . .     Gourm    +     b - +0 scale mail
rNeg   . . .     Faith    .     c - +0 shield
rPois  .         Spirit   +     (no helmet)
rElec  .         Dismiss  .     (no cloak)
rCorr  .         Reflect  .     (no gloves)
SustAt .         Harm     .     (no boots)
MR     .....                    e - amulet of the gourmand
Stlth  ..........               (no ring)
                                (no ring)

@: not resistant to hostile enchantments, extremely unstealthy
A: magic shield
a: no special abilities


You were on level 1 of the Dungeon.
You were not hungry.

You visited 1 branch of the dungeon, and saw 1 of its levels.


Innate Abilities, Weirdness & Mutations

When hurt, damage is shared between your health and your magic reserves.


   Skills:
 - Level 3.0 Fighting
 + Level 2.4 Axes
 - Level 2.6 Armour
 - Level 2.6 Shields


You had one spell level left.
You didn't know any spells.

Inventory:

Hand Weapons
 a - a +0 war axe (weapon)
Armour
 b - a +0 scale mail (worn)
 c - a +0 shield (worn)
Jewellery
 e - an amulet of the gourmand (around neck)
 i - a cursed -2 ring of strength {unknown}
Scrolls
 g - a scroll of fog {unknown}
Potions
 d - a potion of might
 h - a potion of berserk rage {unknown}
Comestibles
 f - a bread ration

Dungeon Overview and Level Annotations

Branches:
Dungeon (1/15)

Altars:


Message History

Things that are here:
a whip; a kobold corpse
e - a tiny silver amulet Put on which piece of jewellery? (? for menu, Esc to quit)
You feel a craving for the dungeon's cuisine.
e - an amulet of the gourmand (around neck) HP restored.
g - a scroll labeled KODANI SE SEIH;
h - a yellow potion
i - a glowing coral ring
Found a stone staircase leading down.
Found a dagger and 17 arrows.
A kobold comes into view. It is wielding a dagger.
The kobold shouts!
Found a purple potion.
You see here 13 gold pieces.
The kobold hits you but does no damage.
You barely miss the kobold. You block the kobold's attack.
You hit the kobold.
The kobold is moderately wounded.
The kobold hits you but does no damage. x2
You closely miss the kobold. You block the kobold's attack.
You slash the kobold!
You kill the kobold!
No target in view!
No target in view!
No target in view!
No target in view!
No target in view!
No target in view!
No target in view!
No target in view!
No target in view!
No target in view!
Things that are here:
a dagger; a kobold corpse
(D) Dungeon
Where to? (* - list waypoints, ? - help)
A goblin comes into view. It is wielding a dagger.
You block the goblin's attack.
You slash the goblin!
You kill the goblin!
You have reached level 2!
Your demonic ancestry asserts itself...
You feel your magical essence form a protective shroud around your flesh.
(D) Dungeon
Where to? (* - list waypoints, Enter - D:2, ? - help)
Okay, then.
Are you sure you want to abandon this character and quit the game? (Confirm with "yes".)
Okay, then.
Are you sure you want to abandon this character and quit the game? (Confirm with "yes".)

##..#......#.............#
#........................#
#........................#
#...#.)..$.#..#..........#
#.............#..#########
##....#).#....##.#
#............##.#
#............##.#
#.........@.(+.>.
#!.........).# ..
#............#
#..............
#............###
..###.......# ........#
.........#


There were no monsters in sight!

Action                   || total
-------------------------++-------
Melee: War axe           ||    13
Armor: Scale mail        ||     8
Dodge: Dodged            ||     3
Block: Shield            ||     9

Notes
Turn   | Place    | Note
--------------------------------------------------------------
     0 | D:1      | Duffy the Demonspawn Fighter began the quest for the Orb.
     0 | D:1      | Reached XP level 1. HP: 18/18 MP: 1/1
    27 | D:1      | Reached skill level 2 in Axes
   175 | D:1      | Gained mutation: When hurt, damage is shared between your health and your magic reserves. [demonic ancestry]
   175 | D:1      | Reached XP level 2. HP: 24/24 MP: 2/2
   176 | D:1      | Quit the game

Skill      XL: |  1 |
---------------+----+-----
Axes           | 2 |  2.4
Fighting       | |  3.0
Armour         | |  2.6
Shields        | |  2.6

Vault maps used:
D:1:      scummos_arrival_hexagon, hangedman_decor_points,
          minmay_misc_feat_plants

Vanquished Creatures
  An ooze
  A goblin
  2 kobolds
4 creatures vanquished.
